 Dungeon Crawl Stone Soup version 0.29-a0-664-gff9cad4a3d (webtiles) character file.

Game seed: 7749524266744543482

346 xian the Skirmisher (level 6, -1/52 HPs)
             Began as a Draconian Fighter on June 22, 2022.
             Slain by Pikel
             ... wielding a +0 whip of freezing
              (6 damage)
             ... on level 4 of the Dungeon.
             The game lasted 00:07:36 (2151 turns).

xian the Skirmisher (Draconian Fighter)             Turns: 2151, Time: 00:07:37

Health: -1/52      AC:  6    Str: 20    XL:     6   Next: 32%
Magic:  6/6        EV: 12    Int:  8    God:
Gold:   50         SH:  5    Dex: 13    Spells: 5/5 levels left

rFire   . . .      SeeInvis .   o - +7 dagger of Change {venom, rPois rN+ Will+ Dex+2}
rCold   . . .      Faith    .   b - +0 buckler
rNeg    + . .      Spirit   .   (body armour unavailable)
rPois   +          Reflect  .   (helmet restricted)
rElec   .          Harm     .   (no cloak)
rCorr   .          Rampage  .   (no gloves)
Will    +....                   (no boots)
Stlth   ++........              h - amulet of the acrobat
HPRegen 0.17/turn               g - +4 ring of slaying
MPRegen 0.10/turn               (no ring)

@: no status effects
A: AC +6, unfitting armour, cold-blooded
a: no special abilities


You were on level 4 of the Dungeon.
You visited 1 branch of the dungeon, and saw 4 of its levels.

You collected 120 gold pieces.
You spent 70 gold pieces at shops.

Inventory:

Hand Weapons
 o - the +7 dagger of Change (weapon) {venom, rPois rN+ Will+ Dex+2}
   (You found it on level 2 of the Dungeon)

   It poisons the flesh of those it strikes.
   Dex:       It affects your dexterity (+2).
   rPois:     It protects you from poison.
   rN:        It protects you from negative energy.
   Will:      It increases your willpower.
Missiles
 d - 4 boomerangs (quivered)
 e - 10 poisoned darts
 f - a throwing net
Armour
 b - a +0 buckler (worn)
Jewellery
 g - a +4 ring of slaying (left hand)
 h - an amulet of the acrobat (around neck)
 m - a +4 ring of slaying
Scrolls
 j - a scroll of vulnerability
 q - 2 scrolls of teleportation
Potions
 a - 2 potions of attraction
 c - 2 potions of might
 i - a potion of mutation
 k - 2 potions of cancellation
 l - 3 potions of heal wounds
 n - a potion of haste {unknown}
 s - a potion of invisibility


   Skills:
 + Level 4.1 Fighting
 + Level 2.2(3.4) Short Blades
 + Level 4.0(4.3) Long Blades
 + Level 3.3 Dodging
 + Level 2.2 Stealth
 + Level 3.9 Shields


You had 5 spell levels left.
You didn't know any spells.
Your spell library contained the following spells:

 Spells                   Type           Power      Damage    Failure   Level
 Dazzling Flash           Conj/Hex       0%         N/A       86%         3
 Hailstorm                Conj/Ice       0%         3d3       99%         4
 Ice Form                 Ice/Tmut       0%         N/A       99%         4
 Agony                    Necr           0%         N/A       100%        5
 Silence                  Hex/Air        0%         N/A       100%        5
 Simulacrum               Ice/Necr       0%         N/A       100%        6


Dungeon Overview and Level Annotations

Branches:
Dungeon (4/15)
 Temple: D:4-7

Altars:
Ashenzari
Fedhas
Trog
Yredelemnul
Zin

Shops:
D:3 *

Annotations:
D:4 Pikel


Innate Abilities, Weirdness & Mutations

Your plain brown scales are hard. (AC +6)
You cannot fit into any form of body armour.
You are cold-blooded and may be slowed by cold attacks.


Message History

The lemure attacks as you move away! The lemure misses you.
A lemure comes into view.
Pikel, Merchant of Souls comes into view.
He is wielding a +0 whip of freezing and carrying a wand of iceblast (8).
The lemure closely misses you. You block the lemure's attack. x2
The lemure attacks as you move away! The lemure closely misses you.
The lemure attacks as you move away! The lemure completely misses you.
The lemure attacks as you move away! The lemure hits you.
The lemure attacks as you move away! The lemure hits you.
Pikel shouts!
Pikel zaps a wand.
The mass of ice explodes!
The iceblast engulfs you!
You hear a shout!
The lemure attacks as you move away! The lemure misses you.
You hit Pikel.
Pikel is poisoned.
Your tail-slap misses Pikel.
Pikel is lightly wounded.
Pikel hits you with a +0 whip of freezing!
Pikel freezes you. The lemure hits you but does no damage.
You puncture Pikel!
Pikel looks even sicker.
Pikel is moderately wounded.
You hit Pikel but do no damage.
Pikel looks as sick as possible!
Pikel is moderately wounded.
Pikel hits you with a +0 whip of freezing.
Pikel freezes you. You block the lemure's attack.
You puncture Pikel!
Pikel looks as sick as possible!
Your tail-slap misses Pikel.
Pikel is heavily wounded.
Pikel hits you with a +0 whip of freezing!
* * * LOW HITPOINT WARNING * * *
Pikel freezes you.
* * * LOW HITPOINT WARNING * * *
The lemure hits you but does no damage.
Unknown command.
You hit Pikel.
Pikel looks as sick as possible!
Pikel is severely wounded.
Pikel closely misses you. The lemure hits you.
* * * LOW HITPOINT WARNING * * *
You hit Pikel.
Pikel is almost dead.
Pikel hits you with a +0 whip of freezing.
You die...

...#.. ..# #..#.#
#####.# #..#.#
#.....# ##..#.#
#.....#
#.....###.....#
#.....'.......#
####..$..# #....K#
.........####'##@#
######'#.......#5#
.......).......55#
###.##.............#
# ###.########### #
#.# #. #.########
#.####........#
#.............#


You could see Pikel (extremely poisoned) and 3 lemures.

Vanquished Creatures
  Grinder (D:3)
  A howler monkey (D:4)
  2 adders
  A white imp (D:3)
  3 worms (D:3)
  2 dart slugs
  4 orcs
  6 endoplasms
  4 giant cockroaches
  8 goblins
  2 hobgoblins (D:3)
  3 jackals (D:3)
  11 kobolds
  3 quokkas
  10 ball pythons
  7 bats
  4 frilled lizards
  5 rats
77 creatures vanquished.

Notes
Turn   | Place    | Note
-------+----------+-------------------------------------------
     0 | D:1      | xian the Draconian Fighter began the quest for the Orb.
     0 | D:1      | Reached XP level 1. HP: 19/19 MP: 1/1
   206 | D:1      | Reached XP level 2. HP: 20/26 MP: 2/2
   909 | D:2      | Reached XP level 3. HP: 31/31 MP: 3/3
  1210 | D:2      | Identified the +7 dagger of Change {venom, rPois rN+ Will+
                  | Dex+2}
  1423 | D:3      | Reached XP level 4. HP: 40/40 MP: 4/4
  1467 | D:3      | Found a broken altar of Ashenzari.
  1470 | D:3      | Noticed Grinder
  1471 | D:3      | Found a glowing silver altar of Zin.
  1471 | D:3      | Found a bloodstained altar of Trog.
  1484 | D:3      | Found a basalt altar of Yredelemnul.
  1484 | D:3      | Found a blossoming altar of Fedhas.
  1489 | D:3      | Killed Grinder
  1490 | D:3      | Reached skill level 1 in Short Blades
  1490 | D:3      | Reached skill level 1 in Stealth
  1490 | D:3      | Reached XP level 5. HP: 44/46 MP: 5/5
  1522 | D:3      | Reached XP level 6. HP: 46/52 MP: 6/6
  1555 | D:3      | Found Bepruegg's General Store.
  1646 | D:3      | Bought a scroll of identify for 20 gold pieces
  1646 | D:3      | Bought a scroll of teleportation for 30 gold pieces
  1646 | D:3      | Bought a scroll of identify for 20 gold pieces
  2138 | D:4      | Noticed Pikel
  2151 | D:4      | Slain by Pikel

Illustrated notes

Levels and vault maps discovered:
D:1:      saegor_arrival_simple_b, layout_loops_cross
D:2:      layout_rooms, ebering_dispersal_statue_hall
D:3:      layout_basic, grunt_temple_overflow_open, serial_shops,
          nicolae_shop_crystal, uniq_grinder
D:4:      layout_basic, st_stairs_2, minmay_small_thing, uniq_natasha,
          uniq_pikel

Skill      XL: |  1  2  3  4  5  6 |
---------------+-------------------+-----
Dodging        | 3 |  3.3
Long Blades    | 3 4 |  4.0
Fighting       | 4 |  4.1
Short Blades   | 1 2 |  2.2
Stealth        | 1 2 |  2.2
Shields        | |  3.9

Action                   |  1- 3 |  4- 6 || total
-------------------------+-------+-------++-------
Melee: Long sword        |    46 |       ||    46
       Tailslap          |    10 |     5 ||    15
       Dagger            |    33 |    73 ||   106
Throw: Boomerang         |     1 |       ||     1
  Use: Scroll            |     6 |     5 ||    11
 Stab: Sleeping          |     3 |     1 ||     4
Armor: Skin              |    15 |    21 ||    36
Dodge: Dodged            |    61 |    57 ||   118
Block: Buckler           |    20 |    26 ||    46

Table legend: (Time is in decaauts)
 A = Elapsed time spent in this place.
 B = Non-inter-level travel time spent in this place.
 C = Inter-level travel time spent in this place.
 D = Time resting spent in this place.
 E = Time spent auto-exploring this place.
 F = Levels seen in this place.
 G = Mean time per level.
                   A        B        C        D        E       F      G
               +--------+--------+--------+--------+--------+-----+--------+
         Total |   2156 |   2096 |     60 |      0 |   1427 |   4 |  539.0 |
       Dungeon |   2156 |   2096 |     60 |      0 |   1427 |   4 |  539.0 |
               +--------+--------+--------+--------+--------+-----+--------+

Top non-repeatable levels by time:
     D:1: 885 daAuts
     D:3: 526 daAuts
     D:2: 497 daAuts
     D:4: 247 daAuts
